| TOP OF THE 1ST |
|
Cleveland (APP) Indians batting - Pitching for Elizabethton Twins : RHP Markus Schellevis
|
|
Pitching: RHP Markus Schellevis
|
|
|
Batting: RHB Jim Wright
|
0-0: Foul Ball, location: 2F 0-1: Fly out, F4 (Flyball, 34D, EV 88.8 MPH)
|
|
Batting: SHB Victor Martinez
|
0-0: Ball 1-0: Ball 2-0: Ball 3-0: Called Strike 3-1: Foul Ball, location: 2F 3-2: SINGLE (Groundball, 6D, EV 98.8 MPH)
|
|
Batting: LHB Jesus Romero
|
0-0: Foul Ball, location: 2F 0-1: Ball 1-1: Fly out, F8 (Flyball, 78D, EV 88.1 MPH)
|
|
Batting: RHB Jorge Ruelas
|
0-0: Ball Victor Martinez steals 2nd base 1-0: Ground out 4-3 (Groundball, 4M, EV 85.6 MPH)
|
| Top of the 1st over - 0 runs, 1 hit, 0 errors, 1 left on base; Cleveland (APP) 0 - Elizabethton 0 |
| BOTTOM OF THE 1ST |
|
Elizabethton Twins batting - Pitching for Cleveland (APP) Indians : RHP Heath McCuin
|
|
Pitching: RHP Heath McCuin
|
|
|
Batting: LHB Luis Tarango
|
0-0: Ball 1-0: Ground out 5-3 (Groundball, 56D, EV 86.3 MPH)
|
|
Batting: RHB Steve Amiano
|
0-0: Ball 1-0: Ball 2-0: Ground out 5-3 (Groundball, 5S, EV 79.4 MPH)
|
|
Batting: RHB Danny Stein
|
0-0: Foul Ball, location: 2F 0-1: Swinging Strike 0-2: Fly out, F9 (Flyball, 89S, EV 83.8 MPH)
|
| Bottom of the 1st over - 0 runs, 0 hits, 0 errors, 0 left on base; Cleveland (APP) 0 - Elizabethton 0 |
| TOP OF THE 2ND |
|
Cleveland (APP) Indians batting - Pitching for Elizabethton Twins : RHP Markus Schellevis
|
|
Batting: RHB Dave Lanman
|
0-0: Ball 1-0: DOUBLE (Groundball, 5L, EV 94.4 MPH)
|
|
Batting: LHB Jerry Sweeney
|
0-0: Ball 1-0: Called Strike 1-1: Ball 2-1: Called Strike 2-2: Foul Ball, location: 2F 2-2: Ball 3-2: Ground out 6-3 (Groundball, 56D, EV 103.1 MPH)
|
|
Batting: RHB Justin Jennings
|
0-0: Ball 1-0: Ball 2-0: Ground out 6-3 (Groundball, 6, EV 102.5 MPH)
|
|
Batting: LHB Cesar Valdez
|
0-0: Ball 1-0: Swinging Strike 1-1: Ball 2-1: Ball 3-1: Foul Ball, location: 2F 3-2: Foul Ball, location: 2F 3-2: SINGLE (Groundball, 56D, EV 103.8 MPH) Dave Lanman to third Dave Lanman scores
|
|
Batting: RHB Jayden Paul
|
0-0: Called Strike 0-1: Ball 1-1: Ground out 4-3 (Groundball, 4, EV 107.5 MPH)
|
| Top of the 2nd over - 1 run, 2 hits, 0 errors, 1 left on base; Cleveland (APP) 1 - Elizabethton 0 |
| BOTTOM OF THE 2ND |
|
Elizabethton Twins batting - Pitching for Cleveland (APP) Indians : RHP Heath McCuin
|
|
Batting: SHB Ivan Batlle
|
0-0: Ball 1-0: Fly out, F7 (Flyball, 7, EV 90.0 MPH)
|
|
Batting: RHB Matt Horne
|
0-0: DOUBLE (Groundball, 5L, EV 98.8 MPH)
|
|
Batting: RHB Justin Wright
|
0-0: Fly out, F8 (Flyball, 8LM, EV 73.8 MPH)
|
|
Batting: RHB Constantino Gaivo
|
0-0: Called Strike 0-1: Fly out, F4 (Popup, 34S, EV 79.4 MPH)
|
| Bottom of the 2nd over - 0 runs, 1 hit, 0 errors, 1 left on base; Cleveland (APP) 1 - Elizabethton 0 |
| TOP OF THE 3RD |
|
Cleveland (APP) Indians batting - Pitching for Elizabethton Twins : RHP Markus Schellevis
|
|
Batting: RHB Jim Wright
|
0-0: Called Strike 0-1: Ball 1-1: Ball 2-1: Ball 3-1: Fly out, F7 (Flyball, 7LSF, EV 86.3 MPH)
|
|
Batting: SHB Victor Martinez
|
0-0: Called Strike 0-1: Ground out 4-3 (Groundball, 4, EV 99.4 MPH)
|
|
Batting: LHB Jesus Romero
|
0-0: Foul Ball, location: 2F 0-1: Called Strike 0-2: Foul Ball, location: 2F 0-2: Ball 1-2: Ball 2-2: Strikes out swinging
|
| Top of the 3rd over - 0 runs, 0 hits, 0 errors, 0 left on base; Cleveland (APP) 1 - Elizabethton 0 |
| BOTTOM OF THE 3RD |
|
Elizabethton Twins batting - Pitching for Cleveland (APP) Indians : RHP Heath McCuin
|
|
Batting: RHB Nate Diaz
|
0-0: Ground out 5-3 (Groundball, 56S, EV 80.6 MPH)
|
|
Batting: SHB Nick Miller
|
0-0: Foul Ball, location: 2F 0-1: Ground out 5-3 (Groundball, 5, EV 88.8 MPH)
|
|
Batting: LHB Luis Tarango
|
0-0: Called Strike 0-1: Foul Ball, location: 2F 0-2: Foul Ball, location: 2F 0-2: Ball 1-2: SINGLE (Groundball, 4S, EV 69.4 MPH) (infield hit)
|
|
Batting: RHB Steve Amiano
|
0-0: Ball 1-0: Ball 2-0: Ball 3-0: Called Strike 3-1: Base on Balls Luis Tarango to second
|
|
Batting: RHB Danny Stein
|
0-0: Ball Wild Pitch! Luis Tarango to third Steve Amiano to second 1-0: Ball 2-0: Called Strike 2-1: Ball 3-1: Foul Ball, location: 2F 3-2: Base on Balls
|
|
Batting: SHB Ivan Batlle
|
0-0: Fielders Choice at 2nd, U4 (Groundball, 4M, EV 81.9 MPH)
|
| Bottom of the 3rd over - 0 runs, 1 hit, 0 errors, 3 left on base; Cleveland (APP) 1 - Elizabethton 0 |
| TOP OF THE 4TH |
|
Cleveland (APP) Indians batting - Pitching for Elizabethton Twins : RHP Markus Schellevis
|
|
Batting: RHB Jorge Ruelas
|
0-0: Ball 1-0: Called Strike 1-1: Foul Ball, location: 2F 1-2: Fly out, F8 (Line Drive, 8RM, EV 98.1 MPH)
|
|
Batting: RHB Dave Lanman
|
0-0: Fly out, F6 (Line Drive, 6, EV 68.1 MPH)
|
|
Batting: LHB Jerry Sweeney
|
0-0: Ball 1-0: DOUBLE (Groundball, 5L, EV 101.3 MPH)
|
|
Batting: RHB Justin Jennings
|
0-0: Ball 1-0: SINGLE (Groundball, 25, EV 66.3 MPH) (infield hit) Jerry Sweeney to third
|
|
Batting: LHB Cesar Valdez
|
0-0: Ball 1-0: Foul Ball, location: 2F 1-1: Ball 2-1: Called Strike 2-2: Foul Ball, location: 2F 2-2: Ground out 4-3 (Groundball, 4M, EV 84.4 MPH)
|
| Top of the 4th over - 0 runs, 2 hits, 0 errors, 2 left on base; Cleveland (APP) 1 - Elizabethton 0 |
| BOTTOM OF THE 4TH |
|
Elizabethton Twins batting - Pitching for Cleveland (APP) Indians : RHP Heath McCuin
|
|
Batting: RHB Matt Horne
|
0-0: Swinging Strike 0-1: Ball 1-1: Ball 2-1: SINGLE (Line Drive, 8RS, EV 98.8 MPH)
|
|
Batting: RHB Justin Wright
|
0-0: Ball 1-0: Foul Ball, location: 2F 1-1: SINGLE (Groundball, 5L, EV 98.8 MPH) Matt Horne to second
|
|
Batting: RHB Constantino Gaivo
|
0-0: Called Strike 0-1: Swinging Strike 0-2: Ball 1-2: Ball 2-2: Fielders Choice at 2nd, 6-4 (Groundball, 6, EV 86.3 MPH) Matt Horne to third
|
|
Batting: RHB Nate Diaz
|
0-0: Ball 1-0: Fielders Choice at 2nd, 1-6 (Groundball, 13S, EV 75.0 MPH)
|
|
Batting: SHB Nick Miller
|
0-0: Ball 1-0: Fielders Choice at 2nd, U4 (Groundball, 4M, EV 101.9 MPH)
|
| Bottom of the 4th over - 0 runs, 2 hits, 0 errors, 2 left on base; Cleveland (APP) 1 - Elizabethton 0 |
| TOP OF THE 5TH |
|
Cleveland (APP) Indians batting - Pitching for Elizabethton Twins : RHP Markus Schellevis
|
|
Batting: RHB Jayden Paul
|
0-0: Fly out, F8 (Flyball, 8RD, EV 80.0 MPH)
|
|
Batting: RHB Jim Wright
|
0-0: Swinging Strike 0-1: Ball 1-1: Called Strike 1-2: Strikes out swinging
|
|
Batting: SHB Victor Martinez
|
0-0: Called Strike 0-1: Ground out 5-3 (Groundball, 56S, EV 76.9 MPH)
|
| Top of the 5th over - 0 runs, 0 hits, 0 errors, 0 left on base; Cleveland (APP) 1 - Elizabethton 0 |
| BOTTOM OF THE 5TH |
|
Elizabethton Twins batting - Pitching for Cleveland (APP) Indians : RHP Heath McCuin
|
|
Batting: LHB Luis Tarango
|
0-0: Called Strike 0-1: Ball 1-1: Called Strike 1-2: Strikes out looking
|
|
Batting: RHB Steve Amiano
|
0-0: Swinging Strike 0-1: Foul Ball, location: 2F 0-2: Foul Ball, location: 2F 0-2: Foul Ball, location: 2F 0-2: Ball 1-2: Ball 2-2: Ground out 4-3 (Groundball, 4M, EV 78.8 MPH)
|
|
Batting: RHB Danny Stein
|
0-0: Ball 1-0: Ball 2-0: Ball 3-0: Ground out U3 (Groundball, 34, EV 100.0 MPH)
|
| Bottom of the 5th over - 0 runs, 0 hits, 0 errors, 0 left on base; Cleveland (APP) 1 - Elizabethton 0 |
| TOP OF THE 6TH |
|
Cleveland (APP) Indians batting - Pitching for Elizabethton Twins : RHP Markus Schellevis
|
|
Batting: LHB Jesus Romero
|
0-0: Foul Ball, location: 2F 0-1: Swinging Strike 0-2: Ball 1-2: Strikes out swinging
|
|
Batting: RHB Jorge Ruelas
|
0-0: Called Strike 0-1: Called Strike 0-2: Strikes out swinging
|
|
Batting: RHB Dave Lanman
|
0-0: Ball 1-0: Ball 2-0: Called Strike 2-1: Fly out, F8 (Flyball, 78D, EV 75.6 MPH)
|
| Top of the 6th over - 0 runs, 0 hits, 0 errors, 0 left on base; Cleveland (APP) 1 - Elizabethton 0 |
| BOTTOM OF THE 6TH |
|
Elizabethton Twins batting - Pitching for Cleveland (APP) Indians : RHP Heath McCuin
|
|
Batting: SHB Ivan Batlle
|
0-0: Called Strike 0-1: Ball 1-1: Ball 2-1: Fly out, F8 (Flyball, 8LM, EV 81.9 MPH)
|
|
Batting: RHB Matt Horne
|
0-0: Called Strike 0-1: Ball 1-1: Called Strike 1-2: Ball 2-2: Strikes out looking
|
|
Batting: RHB Justin Wright
|
0-0: Called Strike 0-1: Called Strike 0-2: Ball 1-2: Foul Ball, location: 2F 1-2: SOLO HOME RUN (Flyball, 9D, EV 99.4 MPH), Distance : 361 ft
|
|
Batting: RHB Constantino Gaivo
|
0-0: Called Strike 0-1: Called Strike 0-2: Ball 1-2: Ball 2-2: Ball 3-2: SINGLE (Groundball, 6MD, EV 96.9 MPH)
|
|
Pitching: LHP Steve Shearman
|
|
|
Batting: RHB Nate Diaz
|
0-0: Fly out, F3 (Line Drive, 3, EV 71.3 MPH)
|
| Bottom of the 6th over - 1 run, 2 hits, 0 errors, 1 left on base; Cleveland (APP) 1 - Elizabethton 1 |
| TOP OF THE 7TH |
|
Cleveland (APP) Indians batting - Pitching for Elizabethton Twins : RHP Markus Schellevis
|
|
Pitching: LHP Lorenzo Chavez
|
|
|
Batting: LHB Jerry Sweeney
|
0-0: Foul Ball, location: 2F 0-1: Called Strike 0-2: Foul Ball, location: 2F 0-2: Strikes out swinging
|
|
Batting: RHB Justin Jennings
|
0-0: Ball 1-0: Ball 2-0: Called Strike 2-1: Foul Ball, location: 2F 2-2: Ball 3-2: Foul Ball, location: 2F 3-2: Foul Ball, location: 2F 3-2: Ground out 6-3 (Groundball, 6, EV 90.6 MPH)
|
|
Batting: LHB Cesar Valdez
|
0-0: Ball 1-0: DOUBLE (Line Drive, 5D, EV 101.3 MPH)
|
|
Batting: RHB Jayden Paul
|
0-0: Called Strike 0-1: Ball 1-1: Ball 2-1: Ball 3-1: Base on Balls
|
|
Batting: RHB Jim Wright
|
0-0: Ball 1-0: Fielders Choice at 2nd, 6-4 (Groundball, 56, EV 81.3 MPH)
|
| Top of the 7th over - 0 runs, 1 hit, 0 errors, 2 left on base; Cleveland (APP) 1 - Elizabethton 1 |
| BOTTOM OF THE 7TH |
|
Elizabethton Twins batting - Pitching for Cleveland (APP) Indians : LHP Steve Shearman
|
|
Batting: SHB Nick Miller
|
0-0: Ground out 5-3 (Groundball, 56S, EV 82.5 MPH)
|
|
Batting: LHB Luis Tarango
|
0-0: Foul Ball, location: 2F 0-1: Ball 1-1: Ball 2-1: Ball 3-1: Base on Balls
|
|
Batting: RHB Steve Amiano
|
0-0: Ball 1-0: Foul Ball, location: 2F 1-1: Foul Ball, location: 2F 1-2: Ball 2-2: Fly out, F8 (Flyball, 8LS, EV 88.1 MPH)
|
|
Batting: RHB Danny Stein
|
0-0: Ball 1-0: Foul Ball, location: 2F 1-1: Swinging Strike 1-2: Strikes out looking
|
| Bottom of the 7th over - 0 runs, 0 hits, 0 errors, 1 left on base; Cleveland (APP) 1 - Elizabethton 1 |
| TOP OF THE 8TH |
|
Cleveland (APP) Indians batting - Pitching for Elizabethton Twins : LHP Lorenzo Chavez
|
|
Pitching: RHP Arjan Geertsma
|
|
|
Batting: SHB Victor Martinez
|
0-0: Ball 1-0: Called Strike 1-1: Swinging Strike 1-2: Foul Ball, location: 2F 1-2: Ball 2-2: Ground out 4-3 (Groundball, 34, EV 107.5 MPH)
|
|
Batting: LHB Jesus Romero
|
0-0: Ball 1-0: Called Strike 1-1: Ground out 4-3 (Groundball, 34, EV 99.4 MPH)
|
|
Batting: RHB Jorge Ruelas
|
0-0: Foul Ball, location: 2F 0-1: Ball 1-1: Ground out 6-3 (Groundball, 6, EV 88.8 MPH)
|
| Top of the 8th over - 0 runs, 0 hits, 0 errors, 0 left on base; Cleveland (APP) 1 - Elizabethton 1 |
| BOTTOM OF THE 8TH |
|
Elizabethton Twins batting - Pitching for Cleveland (APP) Indians : LHP Steve Shearman
|
|
Batting: SHB Ivan Batlle
|
0-0: Swinging Strike 0-1: Ball 1-1: Foul Ball, location: 2F 1-2: Strikes out looking
|
|
Batting: RHB Matt Horne
|
0-0: Ball 1-0: Ball 2-0: Called Strike 2-1: Ball 3-1: Ground out 3-1 (Groundball, 34, EV 85.6 MPH)
|
|
Batting: RHB Justin Wright
|
0-0: Ball 1-0: Swinging Strike 1-1: Ball 2-1: Swinging Strike 2-2: Ball 3-2: Strikes out swinging
|
| Bottom of the 8th over - 0 runs, 0 hits, 0 errors, 0 left on base; Cleveland (APP) 1 - Elizabethton 1 |
| TOP OF THE 9TH |
|
Cleveland (APP) Indians batting - Pitching for Elizabethton Twins : RHP Arjan Geertsma
|
|
Pinch Hitting: LHB Sergio Samano
|
0-0: Ground out 5-3 (Groundball, 5, EV 82.5 MPH)
|
|
Pinch Hitting: LHB Joe Ring
|
0-0: Foul Ball, location: 2F 0-1: Fly out, F9 (Flyball, 9S, EV 93.8 MPH)
|
|
Pinch Hitting: SHB Carlos Figueroa
|
0-0: Foul Ball, location: 2F 0-1: Swinging Strike 0-2: Strikes out swinging
|
| Top of the 9th over - 0 runs, 0 hits, 0 errors, 0 left on base; Cleveland (APP) 1 - Elizabethton 1 |
| BOTTOM OF THE 9TH |
|
Elizabethton Twins batting - Pitching for Cleveland (APP) Indians : LHP Steve Shearman
|
|
Pitching: RHP Robert Torres
|
|
|
Now at 3B: Mike Taylor
|
|
|
Now in CF: Jesse Marder
|
|
|
Now in RF: Joe Ring
|
|
|
Batting: RHB Constantino Gaivo
|
0-0: Called Strike 0-1: Foul Ball, location: 2F 0-2: Ball 1-2: Ball 2-2: Foul Ball, location: 2F 2-2: Ball 3-2: Foul Ball, location: 2F 3-2: Base on Balls
|
|
Batting: RHB Nate Diaz
|
0-0: Ball 1-0: Bunt missed! 1-1: Sac Bunt to 13 - play at first, batter OUT! 1-4 Constantino Gaivo to second
|
|
Pinch Hitting: RHB Justin Russell
|
0-0: Ball 1-0: SINGLE (Groundball, 6MD, EV 107.5 MPH) Constantino Gaivo to third Runner from 3rd tries for Home, SAFE, throw by CF to home
|
| |
|
Game Over ... Elizabethton defeats Cleveland (APP), 2 to 1
|
|
 |
|
Tuesday, September 13th , 2022 - OOTP Baseball 23.7 Build 88
|
|